 Dungeon Crawl Stone Soup version 0.19-a0-1504-g818868b (webtiles) character file.

14537 AlphabetPasta the Geomancer (level 12, -8/68 HPs)
             Began as a Halfling Earth Elementalist on Sept 10, 2016.
             Was an Elder of Vehumet.
             Mangled by a red ugly thing (20 damage)
             ... in a volcano.
             The game lasted 01:29:26 (15808 turns).

AlphabetPasta the Geomancer (HaEE)                 Turns: 15808, Time: 01:29:26

Health: -8/68      AC: 10    Str:  9    XL:     12   Next: 46%
Magic:  24/39      EV: 17    Int: 17    God:    Vehumet [****..]
Gold:   905        SH:  0    Dex: 16    Spells: 5 memorised, 13 levels left

rFire  . . .     SeeInvis +     O - staff of power
rCold  + . .     Gourm    .     U - +2 robe {rC+}
rNeg   . . .     Faith    .     (shield currently unavailable)
rPois  .         Spirit   .     r - +2 helmet
rElec  .         Dismiss  .     I - +1 cloak
rCorr  .         Reflect  .     T - +0 pair of gloves {archery}
MR     .....     Harm     .     (no boots)
Stlth  ++........               (no amulet)
                                g - ring of see invisible
                                V - +1 ring of evasion

@: no status effects
A: mutation resistance 1
a: Renounce Religion


You were in a volcano.
You worshipped Vehumet.
Vehumet was greatly pleased with you.
You were not hungry.

You visited 3 branches of the dungeon, and saw 13 of its levels.
You also visited: Ossuary and Volcano.

You collected 961 gold pieces.
You spent 56 gold pieces at shops.

Inventory:

Hand Weapons
 a - a +2 dagger of electrocution
 o - a +0 long sword
 u - a +1 hunting sling
Missiles
 b - 146 stones (quivered)
Armour
 c - a +1 shield of fire resistance
 q - the +4 buckler "Raxot" {-Tele Str+5 Dex+3, unknown}
   (You took it off an orc on level 11 of the Dungeon)

   It affects your strength (+5).
   It affects your dexterity (+3).
   It prevents most forms of teleportation.
 r - a +2 helmet (worn)
 E - the +1 leather armour of the Beginning {rC+ Str+3}
   (You found it on level 6 of the Dungeon)

   It affects your strength (+3).
   It protects you from cold.
 I - a +1 cloak (worn)
 T - a +0 pair of gloves of archery (worn)
 U - a +2 robe of cold resistance (worn)
Magical Staves
 O - an uncursed staff of power (weapon)
Jewellery
 g - a ring of see invisible (right hand)
 J - a +1 ring of slaying
 Q - an uncursed ring of positive energy
 V - a +1 ring of evasion (left hand)
Wands
 h - a wand of slowing (25/48)
 w - a wand of flame (0/48)
 H - a wand of disintegration (12/24)
 M - a wand of iceblast (1/15)
 P - a wand of teleportation (3/9)
Scrolls
 k - 7 scrolls of teleportation
 t - 2 scrolls of enchant armour
 x - a scroll of magic mapping
 G - 3 scrolls of remove curse
 S - a scroll of amnesia
Potions
 f - 4 potions of curing
 i - a potion of cancellation
 l - a potion of ambrosia
 p - 2 potions of cure mutation
 s - 2 potions of haste
 v - 3 potions of might
 z - 2 potions of flight
 A - 2 potions of resistance
 B - a potion of lignification {unknown}
 C - 3 potions of berserk rage {unknown}
 D - a potion of invisibility {unknown}
Books
 e - a book of Geomancy

   Spells                             Type                      Level
   a - Sandblast                      Earth                        1
   b - Passwall                       Transmutation/Earth          2
   c - Stone Arrow                    Conjuration/Earth            3
   d - Petrify                        Transmutation/Earth          4
   e - Lee's Rapid Deconstruction     Earth                        5
Comestibles
 d - 10 bread rations
 n - 5 meat rations
 F - 8 beef jerkies
 L - a fruit
 X - a slice of pizza


   Skills:
 - Level 1.0 Fighting
 - Level 1.6 Short Blades
 - Level 2.4 Slings
 - Level 3.0 Armour
 + Level 2.9 Dodging
 - Level 2.1 Stealth
 - Level 4.7 Shields
 + Level 8.5 Spellcasting
 - Level 3.0 Conjurations
 - Level 0.5 Transmutations
 * Level 13.7 Earth Magic
 - Level 3.1 Evocations


You had 13 spell levels left.
You knew the following spells:

 Your Spells              Type           Power        Failure   Level  Hunger
a - Sandblast             Erth           ######       1%          1    None
b - Passwall              Tmut/Erth      ####......   1%          2    None
c - Stone Arrow           Conj/Erth      #####.       1%          3    #......
d - Petrify               Tmut/Erth      ####....     8%          4    ###....
e - Lee's Rapid Deconstr  Erth           ######....   1%          5    #####..


Dungeon Overview and Level Annotations

Branches:
Dungeon (11/15)            Temple (1/1) D:7            Lair (1/6) D:11
    Orc (0/2) D:11

Altars:
Ashenzari
Cheibriados
Dithmenos
Elyvilon
Fedhas
Gozag
Hepliaklqana
Kikubaaqudgha
Makhleb
Nemelex Xobeh
Okawaru
Qazlal
Ru
Sif Muna
Trog
Uskayaw
Vehumet
Xom
Yredelemnul
Zin
The Shining One

Shops:
D:5 (   D:7 %[[(*   D:8 *


Innate Abilities, Weirdness & Mutations

You are small and have problems with some larger weapons.
You are somewhat resistant to further mutation.


Message History

The gargoyle is severely damaged.
The blast of rock fragments hits the molten gargoyle.
The molten gargoyle is moderately damaged.
The red ugly thing pecks you!
You are engulfed in flames!
Casting: Lee's Rapid Deconstruction
Confirm with . or Enter, or press ? or * to list all spells.
Aiming: Lee's Rapid Deconstruction
Press: ? - help, Dir - move target cursor That beam is likely to hit you.
Continue anyway?
The wall shatters!
The blast of rock fragments hits the red ugly thing.
The red ugly thing is moderately wounded.
The blast of rock fragments hits the molten gargoyle.
The molten gargoyle is severely damaged.
The blast of rock fragments hits you!
* * * LOW HITPOINT WARNING * * *
The red ugly thing pecks you.
* * * LOW HITPOINT WARNING * * *
You are engulfed in flames!!
You die...

#§§### ##≈≈≈≈## §≈≈≈≈≈## #
≈).≈§≈# ### [(.$. ##≈§ !9. #≈§≈
#u# ##§≈≈ ######## ##@### #§§≈≈
##..#...### ###....##.###########
#)[)..##..###..........§§..##.##.
...§∩###.#.......≈≈≈≈§≈§≈........
≈.§§≈# #####....§≈≈§≈≈≈§≈≈≈....##
≈≈§≈## #..§.§≈§≈≈§≈§§§≈≈§...##
≈§§## ##...§≈§≈§§≈≈≈≈≈§§...# ≈≈##
#....≈§§≈§≈≈≈≈§≈≈...## #§#
##....≈≈§≈≈≈§≈≈§...##


You could see a red ugly thing and a molten gargoyle.

Vanquished Creatures
  Erica (D:8)
  2 unseen horrors (D:11)
  A hill giant (D:10)
  Pikel (D:8)
  An ugly thing (D:11)
  A cyclops (D:11)
  A centaur zombie (D:11)
  3 gargoyles
  Psyche (D:10)
  A kobold demonologist (D:11)
  2 two-headed ogres
  A shadow (D:11)
  A vampire (D:11)
  15 yaks
  A wyvern (D:8)
  Grum (D:9)
  A basilisk (D:11)
  2 hungry ghosts (D:10)
  Menkaure (D:5)
  2 hippogriffs (D:8)
  Edmund (D:5)
  A soldier ant (D:10)
  A water moccasin (Lair:1)
  2 ice beasts
  2 sky beasts (D:11)
  4 slaves
  A swamp drake (D:11)
  4 orc warriors
  A black bear (D:4)
  A necrophage (D:11)
  7 ogres
  3 phantoms
  4 wolves (D:9)
  7 centaurs
  2 crocodiles
  6 giant frogs
  3 scorpions
  3 wights (D:11)
  A howler monkey (D:6)
  A giant frog zombie (D:6)
  4 crimson imps
  An orc priest (D:10)
  6 jellies
  11 orc wizards
  A centaur skeleton (D:4)
  3 hounds
  A giant frog skeleton (D:11)
  5 iguanas
  12 worker ants
  A hound zombie (D:11)
  The ghost of PurpleRed the Conjurer, a weakling DECj (D:3)
  A hound skeleton (D:7)
  8 mummies (Ossuary)
  Robin (D:2)
  11 adders
  A howler monkey skeleton (D:10)
  2 oozes
  An adder zombie (D:6)
  3 adder skeletons
  2 worms
  A dart slug (D:2)
  11 giant geckos
  36 orcs
  7 giant cockroaches
  2 gnoll zombies (Ossuary)
  11 goblins
  10 hobgoblins
  5 jackals
  9 kobolds
  6 quokkas
  2 bats
  A giant cockroach zombie (D:6)
  7 giant newts
  A hobgoblin zombie (Ossuary)
  A jackal skeleton (D:7)
  2 kobold zombies (Ossuary)
  3 orc zombies (Ossuary)
  9 rats
  A fire vortex (Volcano)
  A plant (D:11)
297 creatures vanquished.

Vanquished Creatures (others)
  An orc (D:8)
  5 fungi (D:5)
  3 plants (D:11)
9 creatures vanquished.

Grand Total: 306 creatures vanquished

Notes
Turn   | Place    | Note
-------+----------+-------------------------------------------
     0 | D:1      | AlphabetPasta the Halfling Earth Elementalist began the quest for the Orb.
     0 | D:1      | Reached XP level 1. HP: 11/11 MP: 3/3
   223 | D:1      | Reached XP level 2. HP: 17/17 MP: 1/4
   227 | D:1      | Learned a level 2 spell: Passwall
   919 | D:1      | Reached XP level 3. HP: 21/21 MP: 2/5
  1215 | D:2      | Learned a level 3 spell: Stone Arrow
  1298 | D:2      | Noticed Robin
  1375 | D:2      | Reached skill level 1 in Short Blades
  1404 | D:2      | Killed Robin
  1409 | D:2      | Reached XP level 4. HP: 22/27 MP: 1/7
  1522 | D:2      | Found a sparkling altar of Nemelex Xobeh.
  1526 | D:2      | Reached skill level 4 in Earth Magic
  1806 | D:2      | Found a sacrificial altar of Ru.
  1913 | D:2      | Reached skill level 1 in Slings
  1913 | D:2      | Reached XP level 5. HP: 31/31 MP: 5/8
  2457 | D:3      | Found a bloodstained altar of Trog.
  2766 | D:3      | Noticed PurpleRed's ghost (weakling DECj)
  2776 | D:3      | Killed PurpleRed's ghost
  3182 | D:3      | Reached skill level 5 in Earth Magic
  3182 | D:3      | Reached XP level 6. HP: 36/36 MP: 5/9
  3188 | D:3      | Learned a level 4 spell: Petrify
  3577 | D:4      | Reached skill level 1 in Fighting
  3854 | D:4      | Noticed an ogre
  3862 | D:4      | Killed an ogre
  3862 | D:4      | Reached XP level 7. HP: 43/43 MP: 4/11
  3901 | D:4      | Reached skill level 6 in Earth Magic
  4243 | D:5      | Entered Level 5 of the Dungeon
  4255 | D:5      | Found a sand-covered staircase.
  4283 | Ossuary  | Entered an ossuary
  4470 | Ossuary  | Reached skill level 7 in Earth Magic
  4523 | Ossuary  | Reached XP level 8. HP: 48/48 MP: 8/13
  4883 | D:5      | Found Xenyn's Weapon Shoppe.
  4891 | D:5      | Bought 19 stones for 26 gold pieces
  4977 | D:5      | Reached skill level 1 in Evocations
  5113 | D:5      | Noticed a gargoyle
  5435 | D:5      | Noticed Edmund
  5578 | D:6      | Got an ichor-stained leather armour
  5817 | D:6      | Found an ancient bone altar of Kikubaaqudgha.
  5941 | D:6      | You fall through a shaft!
  5942 | D:7      | Found Rytun's General Store.
  5947 | D:7      | Bought a scroll of identify for 30 gold pieces
  5979 | D:7      | Identified the cursed +1 leather armour of the Beginning {rC+ Str+3} (You found it on level 6 of the Dungeon)
  6003 | D:6      | Reached skill level 8 in Earth Magic
  6300 | D:6      | Reached skill level 1 in Armour
  6474 | D:6      | Reached XP level 9. HP: 50/53 MP: 4/15
  6481 | D:6      | Learned a level 5 spell: Lee's Rapid Deconstruction
  6996 | D:5      | Noticed Menkaure
  7002 | D:5      | Killed Menkaure
  7002 | D:5      | Reached skill level 9 in Earth Magic
  7416 | D:7      | Found Fyfebizo's Armour Shoppe.
  7446 | D:7      | Found Utoczi's Armour Emporium.
  7481 | D:7      | Found Wuracush's Weapon Boutique.
  7493 | D:7      | Found a shadowy altar of Dithmenos.
  7659 | D:7      | Found a staircase to the Ecumenical Temple.
  7670 | Temple   | Entered the Ecumenical Temple
  7676 | Temple   | Became a worshipper of Vehumet
  7865 | D:7      | Found Tawimunn's Food Boutique.
  7921 | D:7      | Learned a level 5 spell: Lee's Rapid Deconstruction
  8434 | D:5      | Killed a gargoyle
  8434 | D:5      | Reached skill level 5 in Spellcasting
  8524 | D:5      | Killed Edmund
  8897 | D:8      | Reached skill level 10 in Earth Magic
  8903 | D:8      | Reached XP level 10. HP: 32/58 MP: 5/18
  8997 | D:8      | Found a blossoming altar of Fedhas.
  9189 | D:8      | Found a hide-covered altar of Uskayaw.
  9274 | D:8      | Noticed Erica
  9358 | D:8      | Killed Erica
  9617 | D:8      | Reached skill level 11 in Earth Magic
  9673 | D:8      | Found a glowing golden altar of the Shining One.
  9720 | D:8      | Found Gozag's Platinum Reserve.
  9757 | D:8      | Found an opulent altar of Gozag.
  9787 | D:8      | Reached * piety under Vehumet
  9787 | D:8      | Offered knowledge of Flame Tongue by Vehumet.
 10127 | D:8      | Found a white marble altar of Elyvilon.
 10597 | D:9      | Noticed Pikel
 10930 | D:8      | Reached skill level 1 in Conjurations
 10933 | D:8      | Killed Pikel
 11178 | D:9      | Identified Nyuliq's Grimoire of Battle Magic
 11222 | D:9      | Found a blossoming altar of Fedhas.
 11404 | D:9      | Noticed Grum
 11404 | D:9      | Killed Grum
 11405 | D:9      | Reached XP level 11. HP: 63/63 MP: 13/21
 11606 | D:10     | Entered Level 10 of the Dungeon
 11663 | D:10     | Reached skill level 12 in Earth Magic
 11800 | D:10     | Found a white marble altar of Elyvilon.
 11854 | D:10     | Reached ** piety under Vehumet
 11854 | D:10     | Offered knowledge of Sting by Vehumet.
 12197 | D:10     | Noticed Psyche
 12204 | D:10     | Killed Psyche
 12751 | D:10     | Noticed a hill giant
 12755 | D:10     | Killed a hill giant
 13116 | D:11     | Offered knowledge of Inner Flame by Vehumet.
 13309 | D:11     | Reached *** piety under Vehumet
 13309 | D:11     | Reached skill level 13 in Earth Magic
 13319 | D:11     | Got an ichor-stained buckler
 13641 | D:11     | Found a staircase to the Lair.
 13779 | D:11     | Reached skill level 1 in Shields
 13995 | D:11     | Noticed a green ugly thing
 14020 | D:11     | Killed a green ugly thing
 14168 | D:11     | Reached XP level 12. HP: 52/68 MP: 24/24
 14335 | D:11     | Offered knowledge of Fulminant Prism by Vehumet.
 14790 | D:11     | Killed an unseen horror
 15271 | D:11     | Killed an unseen horror
 15473 | D:11     | Found a staircase to the Orcish Mines.
 15634 | Lair:1   | Entered Level 1 of the Lair of Beasts
 15686 | Lair:1   | Found a dark tunnel.
 15700 | Volcano  | Entered a volcano
 15772 | Volcano  | Reached **** piety under Vehumet
 15808 | Volcano  | Mangled by a red ugly thing

Vault maps used:
D:1:      dpeg_arrival_three_bigger_balls, serial_co_window_serial,
          co_window_of_opportunity_a, co_window_cross_1, co_window_paths_a,
          co_window_corner_a, co_window_corner_a, co_window_broadway_c,
          co_window_broadway_c, co_window_paths_c, co_window_corner_b,
          co_window_2corner, co_window_of_opportunity_b, glass_columns_c,
          glass_columns_b, glass_columns_c, glass_columns_a, glass_columns_a
D:2:      nicolae_ru_great_annihilating_truth, first_bread,
          nemelex_dance_club_becter, uniq_robin
D:3:      fountainhead, bloody_trog
D:5:      nicolae_ossuary_entry_monument, serial_shops, shop_statue,
          minmay_gold_behind_fungi, uniq_edmund, uniq_menkaure
D:6:      lemuel_coloured_pillars_altar, kennysheep_generic_room_10
D:7:      serial_shops, shop_coins, shop, kennysheep_little_box,
          nicolae_shop_stone, shop, grunt_ogre_cave, st_stairs_14,
          minmay_misc_feat_pillars, nicolae_dithmenos_shadow_blocks
D:8:      eat_drink_and_be_merry_uskayaw, nicolae_overflow_hidden_temple,
          tso_oasis_becter, nicolae_gozag_zags_fifth_avenue,
          minmay_ruined_shrine, uniq_erica
D:9:      old_standard_altar, minmay_misc_feat_rows, uniq_pikel, uniq_grum
D:10:     lemuel_tele_altar, uniq_psyche
D:11:     dpeg_oklobed_lair, erik_orc_1
Temple:   eino_narrow_crystal_temple
Lair:1:   nicolae_volcano_entry_two_sided, uniq_harold
Ossuary:  ossuary_tomb_3
Volcano:  volcano_pools

Skill      XL: |  1  2  3  4  5  6  7  8  9 10 11 12 |
---------------+-------------------------------------+-----
Spellcasting   | 2 3 4 5 6 8 |  8.5
Short Blades   | 1 |  1.6
Earth Magic    | 4 5 7 8 10 11 13 | 13.7
Slings         | 1 2 |  2.4
Fighting       | 1 |  1.0
Evocations     | 1 2 3 |  3.1
Armour         | 1 3 |  3.0
Conjurations   | 1 3 |  3.0
Shields        | 2 4 |  4.7
Dodging        | |  2.9
Stealth        | |  2.1
Transmutations | |  0.5

Action                   |  1- 3 |  4- 6 |  7- 9 | 10-12 || total
-------------------------+-------+-------+-------+-------++-------
Melee: Dagger            |    15 |     1 |     3 |     2 ||    21
       Staff             |       |       |       |     7 ||     7
 Cast: Sandblast         |    51 |   110 |   243 |    82 ||   486
       Stone Arrow       |       |       |     4 |   195 ||   199
       Lee's Rapid Decon |       |       |     3 |    65 ||    68
       Petrify           |       |       |       |     5 ||     5
Evoke: Wand              |       |       |    12 |     4 ||    16
  Use: Scroll            |       |    11 |    12 |     7 ||    30
       Potion            |       |       |     2 |     3 ||     5
 Stab: Sleeping          |       |       |       |     1 ||     1
  Eat: Chunk             |     3 |     6 |     8 |    36 ||    53
       Fruit             |       |     1 |       |     2 ||     3
       Pizza             |       |     1 |       |       ||     1
       Meat ration       |       |       |     1 |     1 ||     2
       Beef jerky        |       |       |     1 |     2 ||     3
       Royal jelly       |       |       |     1 |     1 ||     2
Armor: Robe              |     8 |     8 |    26 |    56 ||    98
Dodge: Dodged            |    26 |    25 |    73 |    95 ||   219
